Unix NetHack Version 3.7.0-101 Work-in-progress - last build Mar 4 2024 02:26:32 (3c4ac04b664b9ee0831c739617f054b5b60dbfd1,branch:master). Game began 2024-03-21 13:10:10, ended 2024-03-22 08:22:41. elenmirie, neutral female gnomish Archeologist ---- ---- --- |..-- --..| ---.--- --...| ---...| |.....| --- -------...-- ---....-- --...|.| --.-- --.--....--- |......------------....|.----- --...| |........-- |(....................-|.....-- |....| |.........| --.....--------------- -----..-- |..-.| ##- ##-.......------...--- ..| --..| |....| ...|* #--............--- |..| --.| - |.---- ....#####--.......)----- --.h--- --- |.-----.--.| ...^..................------.....--- --.-- |.........<| #....##..-------..---.^..............--- --...--|...|......| -...##--..| ---- --*......@o.--.....-- --.....-#-.----..--- ...^... ..- --........-|---....----.......-### ---- -..>.--.....| |..|.|....------.......-...)..-## --..........----------- -------....|.---................-- |....................---------..).d...............).....| |..........---------....................................# -#-..---.--- -----------.......^...............###- ---- --- ---.-----.##..###..#).#### --- #####-###### *# Elenmirie the Field Worker St:13 Dx:9 Co:14 In:13 Wi:18 Ch:9 Neutral Dlvl:3 $:137 HP:0(34) Pw:25(25) AC:7 Xp:4/131 T:2713 Burdened Latest messages: What do you want to call? [ejprxzG or ?*] p Call an aluminum wand: bugs alu You hear crashing rock. You swap places with Yermak. Yermak misses the gnome. Yermak misses the gnome. Yermak bites the gnome. Yermak misses the gnome. Yermak misses the gnome. You see here a bow. Yermak misses the gnome. Yermak misses the gnome. Yermak bites the gnome. The gnome hits Yermak. Yermak bites the gnome. Yermak bites the gnome. The gnome misses Yermak. Yermak misses the gnome. You hear some noises in the distance. You swap places with Yermak. You swap places with Yermak. You miss the brown mold. You are suddenly very cold! There is a sleeping gas trap here. You see here a runed bow. You escape a sleeping gas trap. A hobgoblin suddenly appears close by! The hobgoblin wields a crude dagger! You hear some noises in the distance. The hobgoblin thrusts his crude dagger. The hobgoblin hits! The hobgoblin thrusts his crude dagger. The hobgoblin hits! You lash the hobgoblin. The hobgoblin thrusts his crude dagger. The hobgoblin hits! You miss the hobgoblin. The hobgoblin thrusts his crude dagger. The hobgoblin hits! You feel more confident in your weapon skills. (Use the #enhance command to advance them.) You lash the hobgoblin. The hobgoblin thrusts his crude dagger. The hobgoblin hits! You die... Do you want your possessions identified? [ynq] (y) y Do you want to see your attributes? [ynq] (y) y Do you want an account of creatures vanquished? [ynaq] (y) y Do you want to see your conduct and achievements? [ynq] (y) y Do you want to see the dungeon overview? [ynq] (y) y Inventory: Coins $ - 137 gold pieces Weapons h - 10 uncursed +0 silver arrows y - 4 uncursed +0 darts u - an uncursed +0 orcish dagger a - an uncursed +2 bullwhip (weapon in right hand) Armor c - an uncursed +0 fedora (being worn) r - a cursed -1 pair of fumble boots b - an uncursed +0 leather jacket v - an uncursed +0 studded leather armor (being worn) Comestibles d - 7 uncursed food rations k - an uncursed tripe ration Wands G - an uncursed wand of digging (0:6) p - an uncursed wand of sleep (0:7) Tools w - an uncursed sack containing 13 items x - an uncursed oil lamp (lit) z - an uncursed oil lamp m - an uncursed +0 pick-axe (alternate weapon; not wielded) e - an uncursed skeleton key j - an uncursed tin whistle t - an uncursed tinning kit (0:88) Gems/Stones i - an uncursed jasper stone g - an uncursed touchstone Contents of the sack: an uncursed scroll of blank paper an uncursed scroll of create monster an uncursed scroll of fire an uncursed scroll of gold detection an uncursed scroll of light an uncursed spellbook of healing an uncursed spellbook of magic missile an uncursed spellbook of slow monster 2 uncursed potions of blindness a cursed potion of healing a blessed potion of invisibility an uncursed potion of restore ability an uncursed potion of speed Elenmirie the Archeologist's attributes: Background: You were a Field Worker, a level 4 female gnomish Archeologist. You were neutral, on a mission for Camaxtli who was opposed by Quetzalcoatl (lawful) and Huhetotl (chaotic). You were right-handed. You were in the Gnomish Mines, on level 3. You entered the dungeon 2713 turns ago. You had 131 experience points, 29 more were needed to attain level 5. Basics: You had 0 out of 34 hit points. You had all 25 energy points (spell power). Your armor class was 7. Your wallet contained 137 zorkmids. Autopickup was on for '$' plus thrown. Final Characteristics: Your strength was 13 (limit:18/50). Your dexterity was 9 (limit:18). Your constitution was 14 (limit:18). Your intelligence was 13 (limit:19). Your wisdom was 18 (limit:18). Your charisma was 9 (limit:18). Final Status: You weren't hungry. You were burdened; movement was slightly slowed. You were wielding a whip. You had basic skill with whip and could have enhanced that. Final Attributes: You were piously aligned. You had automatic searching. You had infravision. You were warded. You are dead. Miscellaneous: You never encountered a bones level. Total elapsed playing time was 59 minutes and 3 seconds. Major events: Turn 1: elenmirie the neutral female gnomish Archeologist entered the dungeon 693: entered the Gnomish Mines 1160: attained the rank of Field Worker (level 3) 2713: killed by a hobgoblin Vanquished creatures: 2 kobold mummies a floating eye a homunculus a kobold leader an iguana 2 acid blobs a manes a large kobold 2 hobgoblins 3 giant rats 2 yellow molds 2 gnomes 2 gnome zombies 4 geckos 8 jackals 3 foxes 2 goblins a sewer rat 4 grid bugs a bat 4 lichens a kobold zombie 6 newts 55 creatures vanquished. No species were genocided or became extinct. Voluntary challenges: You read items or engraved 4 times. You never engraved Elbereth. You never genocided any monsters. You never polymorphed an object. You never changed form. You used no wishes. Achievements: You entered the Gnomish Mines. You attained the rank of Field Worker. The Dungeons of Doom: levels 1 to 6 Level 1: Level 2: Stairs down to The Gnomish Mines. Level 3: Level 4: A fountain. Level 5: A fountain. Level 6: The Gnomish Mines: levels 3 to 4 Level 3: <- You were here. Final resting place for you, killed by a hobgoblin. Level 4: Game over: ---------- / \ / REST \ / IN \ / PEACE \ / \ | elenmirie | | 137 Au | | killed by a | | hobgoblin | | | | | | 2024 | *| * * * | * _________)/\\_//(\/(/\)/\//\/|_)_______ Goodbye elenmirie the Archeologist... You died in The Gnomish Mines on dungeon level 3 with 898 points, and 137 pieces of gold, after 2713 moves. You were level 4 with a maximum of 34 hit points when you died.